 Dungeon Crawl Stone Soup version 0.21-a0-509-gecc5317 (webtiles) character file.

1936 Gerstahl the Chiller (level 9, -4/78 HPs)
             Began as a Naga Ice Elementalist on Nov 30, 2017.
             Was a Follower of Sif Muna.
             Slain by an orc warrior
             ... wielding a +0 dire flail
              (19 damage)
             ... on level 8 of the Dungeon.
             The game lasted 00:24:46 (5611 turns).

Gerstahl the Chiller (Naga Ice Elementalist)        Turns: 5611, Time: 00:24:47

Health: -4/78      AC:  7    Str: 16    XL:     9   Next: 18%
Magic:  1/17       EV: 10    Int: 25    God:    Sif Muna [*.....]
Gold:   444        SH:  0    Dex: 12    Spells: 11/19 levels left

rFire    . . .     SeeInvis +   y - +4 Vampire's Tooth {vamp}
rCold    . . .     Gourm    +   (no shield)
rNeg     + . .     Faith    .   a - +1 robe
rPois    +         Spirit   .   l - +2 hat {Int+3}
rElec    .         Reflect  .   (no cloak)
rCorr    .         Harm     .   (no gloves)
MR       +....                  (no barding)
Stlth    ++........             n - amulet of the gourmand
HPRegen  0.23/turn              t - +4 ring of intelligence
MPRegen  0.15/turn              s - ring of positive energy

@: mighty, very slow
A: large, see invisible, deformed body, poison resistance, slowness 2, slow
metabolism 1, spit poison 1, wild magic 1, AC +3
a: Spit Poison, Divine Energy, Renounce Religion


You were on level 8 of the Dungeon.
You worshipped Sif Muna.
Sif Muna was aware of your devotion.
You were not hungry.

You visited 2 branches of the dungeon, and saw 9 of its levels.

You collected 444 gold pieces.

Inventory:

Hand Weapons
 y - the +4 Vampire's Tooth (weapon) {vamp}
   (You found it on level 4 of the Dungeon)

   It inflicts no extra harm, but heals its wielder when it wounds a living foe.
Armour
 a - a +1 robe (worn)
 f - a +0 buckler
 l - a +2 hat of intelligence (worn)
Jewellery
 n - an amulet of the gourmand (around neck)
 s - a ring of positive energy (right hand)
 t - a +4 ring of intelligence (left hand)
Wands
 x - a wand of random effects (22)
 D - a wand of flame (56)
 E - a wand of iceblast (12)
Scrolls
 g - 7 scrolls of identify {unknown}
 i - a scroll of noise
 k - a scroll of magic mapping
 m - a scroll of random uselessness
 o - a scroll of amnesia {unknown}
 p - 2 scrolls of fear {unknown}
 q - a scroll of fog {unknown}
 A - a scroll of remove curse {unknown}
 B - 2 scrolls of enchant armour
Potions
 d - 2 potions of degeneration
 e - a potion of ambrosia {unknown}
 j - 2 potions of might
 r - a potion of berserk rage {unknown}
 u - 2 potions of mutation {unknown}
 v - a potion of magic {unknown}
 w - a potion of flight
 C - a potion of cancellation {unknown}
Books
 b - a book of Frost

   Spells                             Type                      Level
   a - Freeze                         Ice                          1
   b - Throw Frost                    Conjuration/Ice              2
   c - Ozocubu's Armour               Charms/Ice                   3
   d - Throw Icicle                   Conjuration/Ice              4
   e - Summon Ice Beast               Ice/Summoning                4
Comestibles
 c - 4 bread rations
 h - 3 royal jellies


   Skills:
 - Level 4.0 Fighting
 - Level 1.5 Dodging
 - Level 3.0 Stealth
 - Level 2.4 Shields
 + Level 5.9 Spellcasting
 + Level 5.5 Conjurations
 + Level 6.9 Ice Magic


You had 11 spell levels left.
You knew the following spells:

 Your Spells              Type           Power        Failure   Level  Hunger
a - Freeze                Ice            ####         1%          1    None
b - Ozocubu's Armour      Chrm/Ice       ####....     9%          3    #......
c - Throw Icicle          Conj/Ice       ######..     10%         4    ###....


Dungeon Overview and Level Annotations

Branches:
Dungeon (8/15)             Temple (1/1) D:5
   Lair: D:8-11

Altars:
Elyvilon
Fedhas
Gozag
Hepliaklqana
Kikubaaqudgha
Makhleb
Nemelex Xobeh
Okawaru
Ru
Sif Muna
Trog
Uskayaw
Vehumet
Wu Jian
Xom
Yredelemnul
The Shining One


Innate Abilities, Weirdness & Mutations

You cannot wear boots.
Your serpentine skin is tough. (AC +3)
You have supernaturally acute eyesight. (SInv)
Armour fits poorly on your strangely shaped body.
Your system is resistant to poisons. (rPois)
You cover ground very slowly.
You have a slow metabolism.
You can spit poison.
Your spells are a little harder to cast, but a little more powerful.


Message History

The orc warrior hits you with a dire flail!
The gnoll hits you but does no damage.
You closely miss the orc warrior.
The orc warrior is lightly wounded.
The gnoll closely misses you. The orc warrior barely misses you.
Casting: Freeze
Confirm with . or Enter, or press ? or * to list all spells.
Aiming: Freeze
Press: ? - help, Shift-Dir - straight line, f - orc warrior
Aim: an orc warrior, wielding a dire flail and wearing a chain mail (lightly wounded)
You freeze the orc warrior.
The orc warrior is heavily wounded.
The gnoll hits you from afar with a spear.
The orc warrior hits you with a dire flail!!
* * * LOW HITPOINT WARNING * * *
You hit the orc warrior.
You feel better.
The orc warrior is heavily wounded.
The gnoll barely misses you.
The orc warrior hits you with a dire flail!!
You die...

#. #. ..### ....#
#########.o...
###...####g#.#
##.#+#.###o#.#
##.#)#.###@#.# #
####.###.###.#.####.#
...##..H####)).......
#.##+### #.....##.
#.##..# #.....#
#.###.# #.>.).#
#.###.####.....#
#............###
#..##.########


You could see an orc warrior, a gnoll and an orc.

Vanquished Creatures
  2 hippogriffs
  Sigmund (D:4)
  Duvessa (D:4)
  2 sky beasts
  2 orc warriors
  2 centaurs (D:6)
  A bullfrog (D:6)
  Dowan (D:4)
  A water moccasin skeleton (D:8)
  2 crimson imps
  2 vampire bats (D:4)
  3 orc wizards
  2 jellies
  4 orc priests
  3 worker ants (D:5)
  2 gnolls (D:8)
  3 adders
  A dart slug (D:2)
  4 leopard geckos
  17 orcs
  10 bats
  3 giant cockroaches
  4 goblins
  5 hobgoblins
  15 jackals
  6 kobolds
  A ball python (D:5)
  A ball python skeleton (D:6)
  4 frilled lizards
  A leopard gecko skeleton (D:4)
  A quokka skeleton (D:6)
  6 rats
113 creatures vanquished.

Notes
Turn   | Place    | Note
-------+----------+-------------------------------------------
     0 | D:1      | Gerstahl the Naga Ice Elementalist began the quest for the Orb.
     0 | D:1      | Reached XP level 1. HP: 15/15 MP: 3/3
   253 | D:1      | Reached XP level 2. HP: 14/22 MP: 1/5
   884 | D:2      | Reached XP level 3. HP: 25/28 MP: 4/6
  1659 | D:3      | Reached XP level 4. HP: 25/36 MP: 4/8
  1777 | D:3      | Reached skill level 4 in Ice Magic
  1919 | D:3      | Learned a level 3 spell: Ozocubu's Armour
  1924 | D:3      | Learned a level 4 spell: Throw Icicle
  2615 | D:4      | Found the +4 Vampire's Tooth {vamp}
  2622 | D:4      | Reached XP level 5. HP: 40/43 MP: 1/10
  2623 | D:4      | Reached skill level 1 in Fighting
  2704 | D:4      | Noticed Dowan
  2705 | D:4      | Noticed Duvessa
  2712 | D:4      | Killed Duvessa
  2712 | D:4      | Reached XP level 6. HP: 43/52 MP: 5/11
  2719 | D:4      | Killed Dowan
  2857 | D:4      | Noticed Sigmund
  2861 | D:4      | Killed Sigmund
  2861 | D:4      | Reached skill level 5 in Ice Magic
  2861 | D:4      | Reached XP level 7. HP: 46/61 MP: 9/13
  3216 | D:5      | Entered Level 5 of the Dungeon
  3404 | D:5      | Found a staircase to the Ecumenical Temple.
  3426 | Temple   | Entered the Ecumenical Temple
  3726 | Temple   | Became a worshipper of Sif Muna the Loreminder
  3759 | D:5      | Found a basalt altar of Yredelemnul.
  4353 | D:6      | Reached XP level 8. HP: 65/69 MP: 15/15
  4378 | D:6      | HP: 2/105 [orc warrior/trident (7)]
  4407 | D:6      | Reached skill level 5 in Spellcasting
  4623 | D:6      | Reached * piety under Sif Muna
  4623 | D:6      | Reached skill level 6 in Ice Magic
  4702 | D:6      | Noticed a hippogriff
  4715 | D:6      | Gained mutation: Your spells are a little harder to cast, but a little more powerful. [mutagenic meat]
  4716 | D:6      | Gained mutation: Your mind is acute. (Int +2) [mutagenic meat]
  4718 | D:6      | Lost mutation: Your mind is acute. (Int +2) [mutagenic meat]
  4737 | D:6      | Killed a hippogriff
  4737 | D:6      | Reached skill level 1 in Shields
  5121 | D:8      | Reached skill level 5 in Conjurations
  5244 | D:8      | Noticed a hippogriff
  5529 | D:8      | Killed a hippogriff
  5529 | D:8      | Reached XP level 9. HP: 69/78 MP: 7/17
  5535 | D:8      | Noticed a manticore
  5611 | D:8      | Slain by an orc warrior

Vault maps used:
D:1:      dpeg_arrival_snail
D:2:      uniq_crazy_yiuf_cottage
D:4:      first_bread, minmay_guarded_unrand_vampires_tooth, uniq_sigmund,
          uniq_duvessa
D:5:      lemuel_doored_altar, minmay_temple_entry_statues_fountains,
          bh_walls_and_bars
D:7:      nicolae_overflow_hidden_temple, the_bakery
D:8:      nicolae_overflow_crystal_walls, grunt_temple_overflow_open,
          dpeg_oklobed_lair, kennysheep_just_a_vault, uniq_pikel, uniq_gastronok
Temple:   regret_index_temple_sphere_string

Skill      XL: |  1  2  3  4  5  6  7  8 |
---------------+-------------------------+-----
Spellcasting   | 3 4 5 |  5.9
Ice Magic      | 4 5 6 |  6.9
Fighting       | 1 2 3 4 |  4.0
Conjurations   | 2 3 5 |  5.5
Shields        | 2 |  2.4
Dodging        | |  1.5
Stealth        | |  3.0

Action                   |  1- 3 |  4- 6 |  7- 9 || total
-------------------------+-------+-------+-------++-------
Melee: Unarmed           |    23 |    10 |       ||    33
       Dagger            |       |    22 |   123 ||   145
 Cast: Freeze            |    40 |    30 |    97 ||   167
       Throw Icicle      |       |       |     6 ||     6
       Ozocubu's Armour  |       |       |     5 ||     5
 Abil: Spit Poison       |    16 |    10 |    23 ||    49
  Use: Potion            |       |       |    11 ||    11
       Scroll            |       |       |     4 ||     4
 Stab: Sleeping          |     1 |       |       ||     1
  Eat: Chunk             |     2 |     6 |     6 ||    14
       Bread ration      |       |     1 |       ||     1
       Fruit             |       |       |     2 ||     2
       Meat ration       |       |       |     3 ||     3
Armor: Robe              |    24 |    28 |    71 ||   123
       Skin              |       |       |    87 ||    87
Dodge: Dodged            |    48 |    35 |   105 ||   188

Table legend:
 A = Spawn XP
 B = Non-spawn XP
 C = Spawn XP percentage of total XP
 D = Spawn monster count
 E = Non-spawn monster count
 F = Spawn count percentage of total count
 G = Total turns spent on level
                    A         B        C        D         E        F      G
               +---------+---------+-------+---------+---------+-------+---------
         Total |       0 |    2767 |   0.0 |       0 |     113 |   0.0 |  5611
               +---------+---------+-------+---------+---------+-------+---------
           D:1 |       0 |      20 |   0.0 |       0 |      11 |   0.0 |   822
           D:2 |       0 |      51 |   0.0 |       0 |      22 |   0.0 |   808
           D:3 |       0 |      29 |   0.0 |       0 |      15 |   0.0 |   937
           D:4 |       0 |     618 |   0.0 |       0 |      19 |   0.0 |   649
           D:5 |       0 |     210 |   0.0 |       0 |      10 |   0.0 |   487
           D:6 |       0 |    1124 |   0.0 |       0 |      23 |   0.0 |  1039
           D:8 |       0 |     715 |   0.0 |       0 |      13 |   0.0 |   497
               +---------+---------+-------+---------+---------+-------+---------
